 Dungeon Crawl Stone Soup version 0.25.1-2-g60ff931df9 (webtiles) character file.

Game seed: 13933604587001876256

434 Exodus22XD the Poker (level 6, -1/46 HPs)
             Began as a Demonspawn Gladiator on Oct 31, 2020.
             Slain by Menkaure (11 damage)
             ... on level 4 of the Dungeon.
             The game lasted 00:04:46 (3852 turns).

Exodus22XD the Poker (Demonspawn Gladiator)         Turns: 3852, Time: 00:04:46

Health: -1/46      AC:  8    Str: 16    XL:     6   Next: 68%
Magic:  15/15      EV: 12    Int:  9    God:
Gold:   238        SH:  0    Dex: 15    Spells: 5/5 levels left

rFire    . . .     SeeInvis .   a - +0 trident
rCold    . . .     Gourm    .   (no shield)
rNeg     . . .     Faith    .   g - +0 ring mail
rPois    .         Spirit   .   c - +0 helmet
rElec    .         Reflect  .   (no cloak)
rCorr    .         Harm     .   (no gloves)
MR       .....                  (no boots)
Stlth    +.........             (no amulet)
HPRegen  0.15/turn              r - ring of magical power
MPRegen  0.14/turn              (no ring)

@: no status effects
A: iridescent scales 1, powered by death 2
a: no special abilities


You were on level 4 of the Dungeon.
You were not hungry.

You visited 1 branch of the dungeon, and saw 4 of its levels.

You collected 238 gold pieces.

Inventory:

Hand Weapons
 a - a +0 trident (weapon)
Missiles
 d - 4 throwing nets (quivered)
Armour
 c - a +0 helmet (worn)
 g - a +0 ring mail (worn)
Jewellery
 r - a ring of magical power (left hand)
Scrolls
 b - 2 scrolls of fog {unknown}
 e - 2 scrolls of identify {unknown}
 k - 2 scrolls of remove curse
 l - a scroll of teleportation {unknown}
 m - 3 scrolls of immolation {unknown}
 n - 2 scrolls of fear {unknown}
 p - a scroll of magic mapping {unknown}
Potions
 h - a potion of ambrosia {unknown}
 i - a potion of stabbing {unknown}
 j - a potion of degeneration {unknown}
 q - a potion of flight {unknown}
Comestibles
 f - 11 rations
 s - 6 chunks of flesh


   Skills:
 + Level 2.8 Fighting
 + Level 5.3 Polearms
 - Level 1.7 Throwing
 + Level 2.5 Armour
 + Level 3.8 Dodging
 + Level 0.2 Stealth


You had 5 spell levels left.
You didn't know any spells.
Your spell library was empty.

Dungeon Overview and Level Annotations

Branches:
Dungeon (4/15)
 Temple: D:4-7

Altars:
Ashenzari
Fedhas
Gozag
Okawaru
Trog

Shops:
D:4 !

Annotations:
D:4 Menkaure


Innate Abilities, Weirdness & Mutations

You are partially covered in iridescent scales. (AC +2)
You regenerate health from kills.


Message History

You hit Menkaure.
Menkaure is moderately damaged.
Menkaure barely misses you.
You hit Menkaure but do no damage.
Menkaure is moderately damaged.
Menkaure barely misses you.
You hit Menkaure.
Menkaure is heavily damaged.
Menkaure hits you!
Okay, then.
You hit Menkaure but do no damage.
Menkaure is heavily damaged.
Menkaure closely misses you. Menkaure hits you!
* * * LOW HITPOINT WARNING * * *
Press: ? - help, v - describe, . - travel, g - get item
Here: Menkaure (heavily damaged, fast)
An adder corpse.
The floor.
You feel better. Menkaure hits you!
You die...

/##.#.#..##..##.#.#
.#.# #...........#
.#..##..)..(.....#
#)##.#...........#
###.#.).#..........#
#..[##?##..........#
##..##.รทรท.........
#..#..............
#@##..........>...
#.M##..............
....[...............
#....#####...........
#.... #...........
#.... ############
#... #...


You could see Menkaure (fast).

Vanquished Creatures
  2 hounds (D:4)
  An orc wizard (D:3)
  An iguana (D:4)
  Natasha (thrice) (D:2)
  A worker ant (D:4)
  9 adders
  3 worms
  5 dart slugs
  2 leopard geckos
  13 orcs
  12 bats
  A giant cockroach (D:2)
  9 goblins
  19 hobgoblins
  11 jackals
  3 quokkas
  8 frilled lizards
  10 kobolds
  A leopard gecko skeleton (D:4)
  2 rats (D:3)
116 creatures vanquished.

Notes
Turn   | Place    | Note
-------+----------+-------------------------------------------
     0 | D:1      | Exodus22XD the Demonspawn Gladiator began the quest for the
                  | Orb.
     0 | D:1      | Reached XP level 1. HP: 16/16 MP: 1/1
   133 | D:1      | Gained mutation: You regenerate a little health from kills.
                  | [demonic ancestry]
   133 | D:1      | Reached XP level 2. HP: 22/22 MP: 2/2
   143 | D:1      | Reached skill level 3 in Polearms
   440 | D:1      | Reached XP level 3. HP: 28/28 MP: 3/3
  1140 | D:2      | Found an iron altar of Okawaru.
  1152 | D:2      | Reached XP level 4. HP: 30/34 MP: 4/4
  1266 | D:2      | Noticed Natasha
  1289 | D:2      | Killed Natasha
  1289 | D:2      | Reached skill level 1 in Armour
  1291 | D:2      | Noticed Natasha
  1303 | D:2      | Killed Natasha
  1303 | D:2      | Reached skill level 4 in Polearms
  1494 | D:2      | Noticed Natasha
  1503 | D:2      | Killed Natasha
  1503 | D:2      | Gained mutation: You are partially covered in iridescent
                  | scales. (AC +2) [demonic ancestry]
  1503 | D:2      | Reached XP level 5. HP: 28/39 MP: 5/5
  1589 | D:2      | Found a blossoming altar of Fedhas.
  1784 | D:2      | Found an opulent altar of Gozag.
  1786 | D:2      | Found a bloodstained altar of Trog.
  1796 | D:2      | Found a shattered altar of Ashenzari.
  2958 | D:3      | Gained mutation: You regenerate health from kills. [demonic
                  | ancestry]
  2958 | D:3      | Reached XP level 6. HP: 39/46 MP: 6/6
  3438 | D:4      | Found Xifudghe's Distillery.
  3572 | D:4      | Reached skill level 5 in Polearms
  3838 | D:4      | Noticed Menkaure
  3852 | D:4      | Slain by Menkaure

Illustrated notes

Levels and vault maps discovered:
D:1:      heliophobic_arrival_glass_houses, layout_basic, minmay_octomino_j4
D:2:      layout_basic, fedhas_altar_3, okawaru_altar_gauntlet_db,
          grunt_temple_overflow_open, guppyfry_early_orc_mine, uniq_natasha
D:3:      layout_basic, first_ration
D:4:      layout_basic, serial_shops, nicolae_shop_crystal,
          minmay_pentomino_pile, uniq_menkaure

Skill      XL: |  1  2  3  4  5  6 |
---------------+-------------------+-----
Dodging        | 3 |  3.8
Polearms       | 3 4 5 |  5.3
Armour         | 1 2 |  2.5
Fighting       | |  2.8
Throwing       | |  1.7
Stealth        | |  0.2

Action                   |  1- 3 |  4- 6 || total
-------------------------+-------+-------++-------
Melee: Trident           |   146 |   331 ||   477
  Use: Potion            |       |     3 ||     3
       Scroll            |       |     1 ||     1
  Eat: Chunk             |     1 |     9 ||    10
Armor: Ring mail         |    61 |   123 ||   184
Dodge: Dodged            |   109 |   257 ||   366
